[ AOE2 MATCH · #506251871 ]
UnrankedMaya vs Jurchens
Player's team · LOSS
Rival team · WIN
[ REPLAY ANALYSIS · EXTRACTED FROM THE RECORDED GAME ]
Feudal
9:57
Castle
25:25
Imperial
29:52
| APM avg | 55.4 |
| APM peak | 128 |
| eAPM avg | 27.8 |
| Villagers / military | 122 / 200 |
Focus
⚔️ 36.0% · 🌾 64.0%
Spearman ×85 · Eagle Scout ×78 · Plumed Archer ×34 · Trebuchet (Packed) ×2 · Archer ×1
Feudal
11:22
Castle
15:05
Imperial
36:05
| APM avg | 41.8 |
| APM peak | 69 |
| eAPM avg | 21.1 |
| Villagers / military | 149 / 107 |
Focus
⚔️ 31.4% · 🌾 68.6%
Scout Cavalry ×40 · Unknown (1911) ×26 · Iron Pagoda ×23 · Steppe Lancer ×23 · Archer ×10 · Trebuchet (Packed) ×8
Match map
Initial resources + every placement click. Lines = walls · curves = elevation contours. ◆ gold · ⬟ stone · ● berries · ✦ relic · ◌ wall gap
Your base· ✓ Closed at 25:25 · 5t walls · 2 gate(s)
more's base· ✓ Closed at 15:05 · 9t walls · 2 gate(s)
Smoothed initial terrain · ◌ = detected wall gap · hover for details
Inputs per minute
— DS_MD - - more
Build order — DS_MD
First 150 of 477 actions detected
| 0:00 | Research | Loom |
| 0:01 | Queue | Villager (Male) |
| 0:01 | Queue | Villager (Male) |
| 0:03 | Build | House |
| 0:04 | Build | House |
| 0:13 | Build | House |
| 0:44 | Queue | Villager (Male) |
| 0:44 | Queue | Villager (Male) |
| 1:36 | Queue | Villager (Male) |
| 2:00 | Build | Lumber Camp |
| 2:06 | Queue | Villager (Male) |
| 2:06 | Queue | Villager (Male) |
| 2:22 | Queue | Villager (Male) |
| 2:49 | Queue | Villager (Male) |
| 3:33 | Queue | Villager (Male) |
| 3:33 | Queue | Villager (Male) |
| 3:49 | Queue | Villager (Male) |
| 3:49 | Queue | Villager (Male) |
| 4:02 | Build | House |
| 4:16 | Queue | Villager (Male) |
| 4:22 | Build | Mill |
| 4:37 | Queue | Villager (Male) |
| 5:10 | Queue | Villager (Male) |
| 5:40 | Queue | Villager (Male) |
| 5:45 | Queue | Villager (Male) |
| 6:07 | Queue | Villager (Male) |
| 6:32 | Build | Mining Camp |
| 7:08 | Build | House |
| 7:47 | Research | Feudal Age |
| 9:12 | Queue | Villager (Male) |
| 9:13 | Queue | Villager (Male) |
| 9:51 | Queue | Villager (Male) |
| 9:57 | Age | Feudal Age |
| 10:14 | Build | Watch Tower |
| 10:18 | Research | Double-Bit Axe |
| 10:21 | Build | Market |
| 10:23 | Queue | Villager (Male) |
| 10:49 | Build | House |
| 10:52 | Queue | Villager (Male) |
| 11:18 | Queue | Villager (Male) |
| 11:24 | Build | House |
| 11:45 | Queue | Villager (Male) |
| 11:52 | Queue | Villager (Male) |
| 12:00 | Build | Blacksmith |
| 12:08 | Queue | Villager (Male) |
| 12:48 | Build | Watch Tower |
| 12:53 | Build | Outpost |
| 12:55 | Queue | Villager (Male) |
| 13:20 | Build | Farm |
| 13:40 | Queue | Villager (Male) |
| 13:45 | Build | Watch Tower |
| 13:48 | Queue | Villager (Male) |
| 14:09 | Queue | Villager (Male) |
| 14:46 | Research | Fletching |
| 14:50 | Build | Farm |
| 14:51 | Build | Farm |
| 15:11 | Queue | Villager (Male) |
| 15:34 | Queue | Villager (Male) |
| 15:40 | Build | Barracks |
| 15:49 | Build | House |
| 16:05 | Queue | Villager (Male) |
| 16:19 | Queue | Villager (Male) |
| 16:22 | Build | House |
| 16:24 | Build | Farm |
| 16:25 | Build | Farm |
| 16:48 | Queue | Eagle Scout |
| 17:02 | Build | Watch Tower |
| 17:11 | Queue | Villager (Male) |
| 17:14 | Build | House |
| 17:17 | Build | Farm |
| 17:18 | Build | Farm |
| 17:27 | Queue | Villager (Male) |
| 18:06 | Queue | Villager (Male) |
| 18:06 | Queue | Villager (Male) |
| 18:15 | Build | Mining Camp |
| 18:18 | Build | House |
| 18:24 | Build | Farm |
| 18:25 | Build | Farm |
| 18:27 | Build | Lumber Camp |
| 18:30 | Build | Farm |
| 18:55 | Build | House |
| 18:59 | Queue | Villager (Male) |
| 18:59 | Queue | Villager (Male) |
| 19:06 | Build | Palisade Wall |
| 19:07 | Build | Palisade Wall |
| 19:09 | Build | Palisade Wall |
| 19:10 | Build | Palisade Wall |
| 19:11 | Build | Palisade Wall |
| 19:39 | Research | Horse Collar |
| 19:48 | Build | Lumber Camp |
| 19:53 | Build | Farm |
| 19:54 | Build | Farm |
| 20:00 | Queue | Villager (Male) |
| 20:00 | Queue | Villager (Male) |
| 20:03 | Build | Farm |
| 20:08 | Build | Farm |
| 20:29 | Queue | Eagle Scout |
| 20:48 | Queue | Villager (Male) |
| 20:52 | Build | Farm |
| 20:54 | Build | Farm |
| 20:56 | Build | Farm |
| 21:13 | Queue | Villager (Male) |
| 21:13 | Queue | Villager (Male) |
| 21:16 | Build | Farm |
| 21:53 | Queue | Villager (Male) |
| 21:54 | Build | Farm |
| 21:56 | Build | Farm |
| 22:45 | Research | Castle Age |
| 23:11 | Research | Stone Mining |
| 23:24 | Build | Market |
| 23:28 | Research | Gold Mining |
| 23:31 | Research | Gold Mining |
| 23:40 | Build | House |
| 23:42 | Build | House |
| 25:00 | Queue | Villager (Male) |
| 25:04 | Build | Farm |
| 25:05 | Build | Farm |
| 25:06 | Build | Farm |
| 25:07 | Build | Farm |
| 25:08 | Build | Mill |
| 25:10 | Build | Farm |
| 25:10 | Build | Farm |
| 25:10 | Build | Farm |
| 25:11 | Build | Farm |
| 25:11 | Build | Farm |
| 25:11 | Build | Farm |
| 25:11 | Build | Farm |
| 25:25 | Age | Castle Age |
| 25:28 | Build | Castle |
| 25:46 | Queue | Villager (Male) |
| 25:46 | Queue | Villager (Male) |
| 26:28 | Build | University |
| 26:31 | Build | House |
| 26:42 | Research | Imperial Age |
| 26:42 | Research | Imperial Age |
| 27:10 | Queue | Plumed Archer |
| 27:22 | Queue | Plumed Archer |
| 27:22 | Queue | Plumed Archer |
| 27:22 | Queue | Plumed Archer |
| 27:23 | Queue | Villager (Male) |
| 27:24 | Queue | Villager (Male) |
| 27:24 | Queue | Villager (Male) |
| 27:24 | Queue | Villager (Male) |
| 27:45 | Queue | Plumed Archer |
| 28:07 | Queue | Villager (Male) |
| 28:10 | Queue | Villager (Male) |
| 28:10 | Queue | Villager (Male) |
| 28:10 | Queue | Villager (Male) |
| 28:39 | Build | Blacksmith |
| 28:43 | Queue | Plumed Archer |
Build order — more
First 150 of 406 actions detected
| 0:00 | Queue | Villager (Male) |
| 0:00 | Queue | Villager (Male) |
| 0:02 | Build | House |
| 0:03 | Build | House |
| 0:05 | Queue | Villager (Male) ×2 |
| 1:23 | Queue | Villager (Male) |
| 1:37 | Queue | Villager (Male) |
| 1:45 | Build | Lumber Camp |
| 2:07 | Queue | Villager (Male) |
| 2:27 | Queue | Villager (Male) |
| 2:59 | Queue | Villager (Male) |
| 3:23 | Build | House |
| 3:24 | Build | House |
| 3:26 | Build | House |
| 3:28 | Queue | Villager (Male) |
| 3:56 | Queue | Villager (Male) |
| 4:21 | Build | Mill |
| 4:34 | Queue | Villager (Male) |
| 4:38 | Queue | Villager (Male) |
| 5:26 | Queue | Villager (Male) ×3 |
| 5:56 | Queue | Villager (Male) |
| 6:31 | Build | Farm |
| 6:34 | Build | Farm |
| 6:36 | Build | Farm |
| 6:40 | Queue | Villager (Male) |
| 6:49 | Queue | Villager (Male) |
| 7:40 | Queue | Villager (Male) |
| 7:49 | Queue | Villager (Male) |
| 8:27 | Queue | Villager (Male) |
| 8:28 | Research | Feudal Age |
| 8:50 | Build | Mining Camp |
| 9:58 | Queue | Villager (Male) |
| 9:58 | Queue | Villager (Male) |
| 10:35 | Build | Barracks |
| 10:38 | Build | House |
| 11:22 | Age | Feudal Age |
| 11:24 | Build | Stable |
| 11:29 | Build | Blacksmith |
| 11:33 | Build | Archery Range |
| 11:51 | Build | House |
| 12:01 | Build | Stone Wall |
| 12:20 | Build | Stone Wall |
| 12:24 | Build | Stone Wall |
| 12:25 | Research | Castle Age |
| 12:58 | Queue | Archer |
| 12:58 | Queue | Archer |
| 13:09 | Queue | Villager (Male) |
| 13:29 | Queue | Archer |
| 14:24 | Queue | Archer |
| 14:35 | Build | Watch Tower |
| 14:39 | Queue | Archer |
| 14:45 | Research | Fletching |
| 14:58 | Research | Gold Mining |
| 15:05 | Age | Castle Age |
| 15:08 | Build | Siege Workshop |
| 15:23 | Queue | Archer |
| 15:53 | Queue | Villager (Male) |
| 16:01 | Queue | Villager (Male) |
| 16:08 | Queue | Iron Pagoda |
| 16:16 | Queue | Villager (Male) |
| 16:27 | Build | Mining Camp |
| 16:50 | Queue | Villager (Male) |
| 16:59 | Queue | Villager (Male) |
| 17:01 | Queue | Iron Pagoda |
| 17:02 | Queue | Villager (Male) |
| 17:07 | Build | University |
| 17:08 | Queue | Villager (Male) |
| 17:17 | Research | Double-Bit Axe |
| 17:22 | Build | House |
| 17:22 | Build | House |
| 17:57 | Queue | Villager (Male) |
| 18:18 | Build | Farm |
| 18:25 | Build | Farm |
| 18:48 | Research | Loom |
| 18:51 | Build | Farm |
| 18:52 | Queue | Villager (Male) |
| 19:06 | Queue | Archer |
| 19:18 | Build | House |
| 19:32 | Queue | Archer |
| 19:36 | Queue | Villager (Male) |
| 19:44 | Queue | Villager (Male) |
| 19:46 | Queue | Archer |
| 19:51 | Build | Farm |
| 19:56 | Build | Farm |
| 20:01 | Build | House |
| 20:08 | Build | Gate |
| 20:17 | Build | Stone Wall |
| 20:25 | Build | Stone Wall |
| 20:31 | Build | Gate |
| 20:32 | Queue | Villager (Male) |
| 20:53 | Build | Market |
| 20:58 | Queue | Villager (Male) |
| 21:20 | Build | Farm |
| 21:21 | Build | Farm |
| 21:30 | Queue | Archer |
| 21:39 | Build | Gate |
| 21:44 | Queue | Villager (Male) |
| 21:57 | Build | Town Center |
| 22:07 | Build | Farm |
| 22:07 | Build | Farm |
| 22:22 | Queue | Villager (Male) |
| 22:34 | Queue | Villager (Male) |
| 23:02 | Queue | Villager (Male) |
| 23:06 | Build | Farm |
| 23:08 | Build | Farm |
| 23:08 | Build | Farm |
| 23:08 | Build | Farm |
| 23:13 | Research | Horse Collar |
| 23:20 | Research | Bow Saw |
| 23:49 | Queue | Villager (Male) |
| 23:52 | Queue | Villager (Male) |
| 23:54 | Build | Farm |
| 23:57 | Build | Farm |
| 23:59 | Build | Farm |
| 24:02 | Queue | Villager (Male) |
| 24:04 | Queue | Iron Pagoda |
| 24:08 | Queue | Villager (Male) |
| 24:35 | Queue | Villager (Male) |
| 24:48 | Build | Town Center |
| 25:01 | Queue | Villager (Male) |
| 25:07 | Build | Monastery |
| 25:07 | Queue | Villager (Male) |
| 25:15 | Build | House |
| 25:19 | Research | Town Watch |
| 25:19 | Queue | Villager (Male) |
| 25:25 | Queue | Villager (Male) |
| 25:34 | Queue | Villager (Male) |
| 25:38 | Queue | Villager (Male) |
| 25:41 | Queue | Villager (Male) |
| 25:45 | Queue | Villager (Male) |
| 26:10 | Queue | Villager (Male) |
| 26:14 | Build | Lumber Camp |
| 26:18 | Build | Farm |
| 26:19 | Build | Farm |
| 26:19 | Build | Farm |
| 26:23 | Queue | Villager (Male) |
| 26:25 | Build | House |
| 26:26 | Build | House |
| 26:26 | Build | House |
| 26:32 | Queue | Villager (Male) |
| 26:34 | Build | House |
| 26:35 | Build | House |
| 26:36 | Queue | Monk |
| 26:39 | Build | Farm |
| 26:41 | Build | Farm |
| 26:42 | Queue | Villager (Male) |
| 26:50 | Research | Bodkin Arrow |
| 27:09 | Queue | Villager (Male) |
| 27:14 | Build | Farm |
| 27:15 | Queue | Villager (Male) |
Match timeline
| 9:57 | DS_MD · age_up feudal |
| 10:35 | more · first_building Barracks |
| 11:22 | more · age_up feudal |
| 11:24 | more · first_building Stable |
| 11:33 | more · first_building Archery Range |
| 12:01 | more · wall_segment Stone Wall x6 |
| 12:20 | more · wall_segment Stone Wall x2 |
| 12:24 | more · wall_segment Stone Wall x1 |
| 13:39 | DS_MD · first_market_buy 100 stone |
| 14:45 | DS_MD · first_market_sell 100 food |
| 15:05 | more · age_up castle |
| 15:08 | more · first_building Siege Workshop |
| 15:40 | DS_MD · first_building Barracks |
| 19:06 | DS_MD · wall_segment Palisade Wall x1 |
| 19:07 | DS_MD · wall_segment Palisade Wall x1 |
| 19:09 | DS_MD · wall_segment Palisade Wall x1 |
| 19:10 | DS_MD · wall_segment Palisade Wall x1 |
| 19:11 | DS_MD · wall_segment Palisade Wall x1 |
| 20:17 | more · wall_segment Stone Wall x2 |
| 20:25 | more · wall_segment Stone Wall x1 |
| 21:52 | more · first_market_buy 100 stone |
| 25:07 | more · first_building Monastery |
| 25:25 | DS_MD · age_up castle |
| 25:28 | DS_MD · first_building Castle |
| 29:52 | DS_MD · age_up imperial |
| 33:10 | more · first_building Castle |
| 33:29 | DS_MD · first_building Archery Range |
| 36:05 | more · age_up imperial |
| 44:48 | DS_MD · first_building Siege Workshop |
| 47:23 | DS_MD · resign |
[ AI ANALYSIS · 1 CREDIT ]
What really happened in this match?
Wolo.gg analyzes every decision: build order, eco, micro, common mistakes by bracket. Personalized analysis on WhatsApp or Discord in 30 seconds.
Civ guide
Maya
Perfil
Jugador #2457324